 Dungeon Crawl Stone Soup version 0.22.1-1-ga44c0e5 (webtiles) character file.

221 Starchild the Grave Robber (level 5, 0/42 HPs)
             Began as a Deep Dwarf Necromancer on Oct 22, 2018.
             Slain by a hippogriff (4 damage)
             ... on level 2 of the Dungeon.
             The game lasted 00:17:09 (2584 turns).

Starchild the Grave Robber (Deep Dwarf Necromancer) Turns: 2584, Time: 00:17:10

Health: 0/42       AC:  4    Str: 11    XL:     5   Next: 65%
Magic:  0/7        EV: 12    Int: 17    God:
Gold:   77         SH:  0    Dex: 13    Spells: 4/9 levels left

rFire    . . .     SeeInvis +   n - +0 club
rCold    . . .     Gourm    .   (no shield)
rNeg     . . .     Faith    .   a - +0 robe
rPois    .         Spirit   .   (no helmet)
rElec    .         Reflect  .   e - +0 cloak
rCorr    .         Harm     .   k - +0 pair of gloves
MR       .....                  (no boots)
Stlth    ++........             (no amulet)
HPRegen  0.00/turn              g - ring of see invisible
MPRegen  0.10/turn              (no ring)

@: non-regenerating
A: damage resistance, heal wounds, sense surroundings 1, no regeneration
a: Heal Wounds


You were on level 2 of the Dungeon.
You were not hungry.

You visited 1 branch of the dungeon, and saw 3 of its levels.

You collected 77 gold pieces.

Inventory:

Hand Weapons
 n - a +0 club (weapon)
Missiles
 h - 117 stones (quivered)
 j - a throwing net
Armour
 a - a +0 robe (worn)
 e - a +0 cloak (worn)
 k - a +0 pair of gloves (worn)
Jewellery
 g - a ring of see invisible (left hand)
Scrolls
 b - a scroll of identify
 d - 2 scrolls of immolation {unknown}
 i - 3 scrolls of remove curse {unknown}
 p - a scroll of teleportation {unknown}
 q - a scroll of noise {unknown}
 r - a scroll of enchant armour {unknown}
Potions
 l - a potion of curing {unknown}
 m - a potion of heal wounds {unknown}
Comestibles
 c - a ration
 f - a chunk of flesh


   Skills:
 - Level 2.1 Dodging
 - Level 2.4 Stealth
 + Level 2.9 Spellcasting
 - Level 7.0 Necromancy


You had 4 spell levels left.
You knew the following spells:

 Your Spells              Type           Power        Failure   Level  Hunger
a - Pain                  Necr           ####         1%          1    #......
b - Animate Skeleton      Necr           N/A          1%          1    #......
c - Vampiric Draining     Necr           ####......   3%          3    ###....

Your spell library contained the following spells:

 Spells                   Type           Power        Failure   Level  Hunger
 Animate Dead             Necr           N/A          10%         4    #####..
 Regeneration             Chrm/Necr      Unusable     N/A         3    N/A

Dungeon Overview and Level Annotations

Branches:
Dungeon (3/15)

Altars:
Trog


Innate Abilities, Weirdness & Mutations

You are resistant to damage.
You can heal yourself by infusing magical energy.
You passively map a small area around you.
You do not regenerate.


Message History

The hippogriff barely misses you.
Casting: Pain (safe; 1% risk of failure)
Confirm with . or Enter, or press ? or * to list all spells.
Aiming: Pain (safe; 1% risk of failure)
Press: ? - help, Shift-Dir - straight line, f/p - hippogriff
Aim: a hippogriff (severely wounded, chance to defeat MR: 81%)
The hippogriff writhes in agony!
The hippogriff closely misses you. The hippogriff pecks you!
The hippogriff claws you.
* * * LOW HITPOINT WARNING * * *
Casting: Pain (safe; 1% risk of failure)
Confirm with . or Enter, or press ? or * to list all spells.
Aiming: Pain (safe; 1% risk of failure)
Press: ? - help, Shift-Dir - straight line, f/p - hippogriff
Aim: a hippogriff (severely wounded, chance to defeat MR: 81%)
The hippogriff writhes in agony!
You fail to use your ability.
The hippogriff bites you!
* * * LOW HITPOINT WARNING * * *
The hippogriff barely misses you. The hippogriff claws you.
You die...

* *, #.## ##...
* . ....#
#.###.# #.#....
* .#......
........
########
..###....
#...@H.# ,
........
#.####.# *
,.###.... #.#
#.# ##..... #.#
#.########......
#.#
#...............
#.#
##########....##
##.# ##.#.##
#..# #.#... #.##
###.....


You could see a hippogriff.

Vanquished Creatures
  A centaur (D:2)
  An orc wizard (D:3)
  Natasha (D:2)
  2 adders (D:2)
  An ooze (D:3)
  A dart slug (D:2)
  3 leopard geckos
  6 orcs (D:3)
  3 ball pythons
  4 bats
  6 goblins
  3 hobgoblins
  4 jackals
  6 kobolds
  3 quokkas (D:2)
  4 frilled lizards
  3 rats (D:2)
52 creatures vanquished.

Vanquished Creatures (collateral kills)
  A bat (D:2)
  2 hobgoblins (D:2)
  A rat (D:2)
4 creatures vanquished.

Grand Total: 56 creatures vanquished

Notes
Turn   | Place    | Note
-------+----------+-------------------------------------------
     0 | D:1      | Starchild the Deep Dwarf Necromancer began the quest for
                  | the Orb.
     0 | D:1      | Reached XP level 1. HP: 15/15 MP: 3/3
     2 | D:1      | Learned a level 1 spell: Animate Skeleton
   572 | D:1      | Reached XP level 2. HP: 22/22 MP: 0/4
   641 | D:1      | Reached skill level 5 in Necromancy
  1163 | D:2      | Reached XP level 3. HP: 28/28 MP: 1/5
  1249 | D:2      | Noticed a centaur
  1266 | D:2      | Killed a centaur
  1266 | D:2      | Reached skill level 6 in Necromancy
  1266 | D:2      | Reached XP level 4. HP: 30/36 MP: 0/5
  1398 | D:2      | Learned a level 3 spell: Vampiric Draining
  1484 | D:2      | Noticed a hippogriff
  1569 | D:3      | Reached skill level 7 in Necromancy
  1569 | D:3      | Reached XP level 5. HP: 16/42 MP: 0/6
  1953 | D:3      | Found a bloodstained altar of Trog.
  2260 | D:2      | Noticed Natasha
  2267 | D:2      | Killed Natasha
  2584 | D:2      | Slain by a hippogriff

Skill      XL: |  1  2  3  4  5 |
---------------+----------------+-----
Necromancy     | 5 6 7 |  7.0
Spellcasting   | 2 |  2.9
Dodging        | |  2.1
Stealth        | |  2.4

Action                   |  1- 3 |  4- 6 || total
-------------------------+-------+-------++-------
Melee: Unarmed           |     7 |       ||     7
       Club              |     3 |    45 ||    48
 Cast: Pain              |    39 |    67 ||   106
       Animate Skeleton  |       |     4 ||     4
       Vampiric Draining |       |     4 ||     4
 Abil: Heal Wounds       |     1 |     5 ||     6
  Use: Scroll            |     1 |       ||     1
       Potion            |       |     1 ||     1
  Eat: Chunk             |     2 |     5 ||     7
Armor: Robe              |     6 |    18 ||    24
Dodge: Dodged            |    11 |    59 ||    70
